 Dungeon Crawl Stone Soup version 0.30.1-11-g7821555f0a (webtiles) character file.

Game seed: 1662055300221329826

362 lonewolfV2 the Covered (level 6, -8/50 HPs)
             Began as a Formicid Fighter on Nov 6, 2023.
             Mangled by an ogre
             ... wielding a +0 giant spiked club
              (32 damage)
             ... on level 6 of the Dungeon.
             The game lasted 00:05:43 (4096 turns).

lonewolfV2 the Covered (Formicid Fighter)           Turns: 4096, Time: 00:05:43

Health: -8/50      AC: 11    Str: 23    XL:     6   Next: 99%
Magic:  6/6        EV:  9    Int:  5    God:
Gold:   310        SH:  6    Dex: 13    Spells: 5/5 levels left

rFire   . . .        a - +1 war axe
rCold   . . .        c - +1 buckler
rNeg    + . .        v - +2 chain mail of Intense Miracles {Harm rN+ rCorr Int-2}
rPois   .            (helmet unavailable)
rElec   .            (no cloak)
rCorr   +            (no gloves)
SInv    +            (no boots)
Will    .....        (no amulet) Stlth
                     (no ring)
HPRegen 0.28/turn    (no ring)
MPRegen 0.10/turn

%: harm (+30% outgoing, +20% incoming)
@: no status effects
A: permanent stasis, dig shafts and tunnels, antennae 3, four strong arms
a: Dig, Shaft Self


You were on level 6 of the Dungeon.
You visited 2 branches of the dungeon, and saw 7 of its levels.

You collected 310 gold pieces.

Inventory:

Hand Weapons
 a - a +1 war axe (weapon)
Missiles
 l - 4 javelins
 p - a throwing net
Armour
 b - a +0 scale mail
 c - a +1 buckler (worn)
 v - the +2 chain mail of Intense Miracles (worn) {Harm rN+ rCorr Int-2}
   (You found it on level 5 of the Dungeon)

   Int:       It affects your intelligence (-2).
   rN:        It protects you from negative energy.
   rCorr:     It protects you from acid and corrosion.
   Harm:      It increases damage dealt and taken.
Jewellery
 e - a ring of fire
Wands
 r - a wand of iceblast (12)
 x - a wand of quicksilver (10)
Scrolls
 m - a scroll of butterflies
 w - a scroll of silence
Potions
 d - a potion of might
 f - 2 potions of degeneration
 g - 2 potions of heal wounds
 h - a potion of flight {unknown}
 i - 3 potions of curing
 j - a potion of cancellation
 k - a potion of berserk rage {unknown}
 n - a potion of resistance {unknown}
 o - 2 potions of invisibility
 q - a potion of brilliance {unknown}
 s - 2 potions of mutation {unknown}
 u - a potion of attraction {unknown}


   Skills:
 + Level 4.8 Fighting
 - Level 2.0 Axes
 + Level 4.8 Armour
 * Level 4.0 Dodging
 - Level 4.0 Shields


You had 5 spell levels left.
You didn't know any spells.
Your spell library contained the following spells:

 Spells                   Type           Power      Damage    Failure   Level
 Beastly Appendage        Tmut           0%         N/A       98%         1
 Magic Dart               Conj           0%         1d3       98%         1
 Call Imp                 Summ           0%         N/A       99%         2
 Ensorcelled Hibernation  Hex/Ice        0%         N/A       99%         2
 Wereblood                Tmut           0%         N/A       99%         2
 Dazzling Flash           Conj/Hex       0%         N/A       100%        3
 Mephitic Cloud           Conj/Pois/Air  0%         N/A       100%        3
 Spider Form              Tmut/Pois      0%         N/A       100%        3
 Stone Arrow              Conj/Erth      0%         3d7       100%        3
 Summon Guardian Golem    Hex/Summ       0%         N/A       100%        3
 Anguish                  Hex/Necr       0%         N/A       100%        4
 Animate Armour           Summ/Erth      0%         N/A       100%        4
 Summon Lightning Spire   Summ/Air       0%         N/A       100%        4
 Agony                    Necr           0%         N/A       100%        5
 Silence                  Hex/Air        0%         N/A       100%        5
 Orb of Destruction       Conj           0%         9d5       100%        7
 Spellforged Servitor     Conj/Summ      0%         N/A       100%        7
 Lehudib's Crystal Spear  Conj/Erth      0%         10d2      100%        8


Dungeon Overview and Level Annotations

Branches:
Dungeon (6/15)             Temple (1/1) D:5

Altars:
Cheibriados
Dithmenos
Elyvilon
Hepliaklqana
Sif Muna
Trog
Wu Jian
Xom
Yredelemnul
The Shining One

Shops:
D:4 =   D:5 *


Innate Abilities, Weirdness & Mutations

You cannot be hasted, slowed, berserked, paralysed or teleported.
You can dig through walls and to a lower floor.
You have a pair of large antennae on your head. (SInv)
Your four strong arms can wield two-handed weapons with a shield.


Message History

Could not explore, unopened door.
Could not explore, unopened door.
As you open the door, it creaks loudly!
There is an open door here.
Done exploring.
Done exploring.
Done exploring.
Done exploring.
There is a stone staircase leading down here.
As you read the scroll labelled HAGAUN MEFUFU, it crumbles to dust.
It is a scroll of amnesia.
You feel forgetful for a moment.
You climb downwards.
Found a leather armour and a scroll labelled XOAGAN DOUFOST.
There is a stone staircase leading up here.
You can't go down here!
You sense a monster nearby.
An ogre comes into view. It is wielding a +0 giant spiked club.
The ogre shouts!
An ogre is nearby!
An ogre is nearby!
An ufetubus comes into view.
Found a chain mail.
The ufetubus shouts!
You hit the ogre.
The ogre is lightly wounded.
You hit the ufetubus. The ufetubus hits you. The ufetubus barely misses you.
The ufetubus hits you but does no damage.
The ufetubus barely misses you.
The ogre hits you with a +0 giant spiked club!!
Ouch! That really hurt!
You completely miss the ogre.
The ogre is lightly wounded.
You hit the ufetubus but do no damage.
The ufetubus hits you but does no damage.
You block the ufetubus's attack. The ufetubus closely misses you.
The ufetubus barely misses you.
The ogre hits you with a +0 giant spiked club!!
Ouch! That really hurt!
You die...

#.#........##..
##.#....#......#
+.......#......# {{
.......?....... .
............... #..
..........[## ..[.
............# .....
.##........####......
#.........O@5.......
........#...#.#.####.
.........<##### ..
.#.#.#..#.# ...
###.#..#.. ...
{#....###. .. #.....
.# . ...... . .... #.


You could see an ogre and an ufetubus.

Vanquished Creatures
  2 orc priests
  3 orc wizards
  A sleepcap (D:5)
  A hound zombie (D:4)
  8 adders
  A river rat (D:5)
  A white imp (D:5)
  An adder zombie (D:4)
  2 worms
  3 dart slugs
  11 orcs
  5 ball pythons
  5 endoplasms
  A giant cockroach (D:1)
  10 hobgoblins
  5 jackals
  2 quokkas (D:3)
  A bat (D:1)
  5 frilled lizards
  4 goblins
  7 kobolds
  9 rats
88 creatures vanquished.

Notes
Turn   | Place    | Note
-------+----------+-------------------------------------------
     0 | D:1      | lonewolfV2 the Formicid Fighter began the quest for the
                  | Orb.
     0 | D:1      | Reached XP level 1. HP: 18/18 MP: 1/1
   115 | D:1      | Reached XP level 2. HP: 24/24 MP: 2/2
   142 | D:1      | Reached skill level 1 in Dodging
   217 | D:1      | Reached XP level 3. HP: 25/29 MP: 3/3
   852 | D:2      | Reached XP level 4. HP: 37/37 MP: 4/4
  1468 | D:3      | Reached XP level 5. HP: 39/42 MP: 5/5
  1893 | D:3      | Got Simuutesk's Parchment of Helpful Orogeny
  1901 | D:3      | Found a snail-covered altar of Cheibriados.
  2085 | D:4      | Found a white marble altar of Elyvilon.
  2362 | D:4      | Reached XP level 6. HP: 47/49 MP: 6/6
  2556 | D:4      | Found Ilovoroan's Jewellery Shop.
  2631 | D:4      | Found a basalt altar of Yredelemnul.
  2657 | D:5      | Entered Level 5 of the Dungeon
  2688 | D:5      | Identified the +2 chain mail of Intense Miracles {Harm rN+
                  | rCorr Int-2}
  2719 | D:5      | Found a staircase to the Ecumenical Temple.
  2746 | Temple   | Entered the Ecumenical Temple
  3408 | D:5      | Found Usmuazunee's General Store.
  3462 | D:5      | Found a shadowy altar of Dithmenos.
  4084 | D:6      | Noticed an ogre
  4096 | D:6      | Mangled by an ogre

Illustrated notes

Levels and vault maps discovered:
D:1:      dpeg_arrival_lava_temple_mockup, layout_basic
D:2:      layout_rooms, minmay_strange_pillars, dreamdust_mushroom_princess,
          st_stairs_14
D:3:      layout_loops_cross, mainiacjoe_overflow_tiny_flanked, chequers_jeans,
          serial_park_tiny_pond
D:4:      layout_basic, lemuel_zombie_altar_yredelemnul,
          mainiacjoe_overflow_paths, serial_shops, shop, kennysheep_nondescript
D:5:      layout_loops_corners, nicolae_dithmenos_the_darkroom,
          minmay_temple_entry_wispy, serial_shops,
          nicolae_shop_temple_entry_statues_fountains, gup_sewer_entry_bowl
D:6:      layout_cave_pools, mainiacjoe_overflow_24_doors,
          nicolae_overflow_quartered_altars, serial_gnoll_camp,
          gnoll_camp_mini_shop, gnoll_camp_mini_loothouse,
          gnoll_camp_huts_basic, gnoll_camp_mini_hut
Temple:   nicolae_temple_two_arcs

Skill      XL: |  1  2  3  4  5  6 |
---------------+-------------------+-----
Dodging        | 1 2 3 4 |  4.0
Fighting       | 4 |  4.8
Armour         | 4 |  4.8
Axes           | |  2.0
Shields        | |  4.0

Action                     |  1- 3 |  4- 6 || total
---------------------------+-------+-------++-------
  Melee: War axe           |    69 |   185 ||   254
    Use: Scroll            |     2 |    14 ||    16
 Armour: Scale mail        |    38 |    86 ||   124
         Chain mail        |       |    12 ||    12
  Dodge: Dodged            |    56 |   108 ||   164
  Block: Buckler           |    21 |    54 ||    75
